 Dungeon Crawl Stone Soup version 0.28-a0-265-g048bc9fd10 (webtiles) character file.

Game seed: 17543159751885849942

205322 HilariousDeathArtist the Severer (level 16, -3/143 HPs)
             Began as a Palentonga Transmuter on Aug 27, 2021.
             Was the Champion of Ru.
             Slain by a naga warrior (15 damage)
             ... on level 4 of the Snake Pit.
             The game lasted 00:51:08 (26235 turns).

HilariousDeathArtist the Severer (PaTm)            Turns: 26235, Time: 00:51:08

Health: -3/143     AC: 43    Str: 18    XL:     16   Next: 3%
Magic:  12/18      EV:  7    Int: 15    God:    Ru [******]
Gold:   1913       SH: 13    Dex: 18    Spells: 17/18 levels left

rFire   . . .      SeeInvis +   b - +9 broad axe (vamp)
rCold   + . .      Faith    .   x - +1 kite shield "Nisefakk" {Regen+}
rNeg    + . .      Spirit   .   l - +7 chain mail of Qualazom {-Cast rPois Regen+ Stlth+}
rPois   +          Reflect  .   q - +1 helmet {SInv}
rElec   +          Harm     .   k - +2 cloak
rCorr   .          Rampage  .   i - +2 pair of gloves of Courage {rElec Int-2 Dex+7 Stlth+}
Will    +....      NoTele   +   F - +0 barding Stlth ++........NoCast +
                                f - amulet of regeneration
HPRegen 3.33/turn               C - ring of protection from cold {rC+, !d}
MPRegen 0.16/turn               g - ring of Weweawyng {rElec rN+ AC+4 Str+3 Stlth-}

@: lethally poisoned (-3 -> -6), exhausted, weakened, untranslocatable, hasted
and slowed, studying Armour, curled up
A: large, rugged brown scales 3, see invisible, deformed body, dopey 1,
inability to use devices, unskilled 1, inexperienced 1, missing an eye, roll 1,
armoured tail, reflexive curl
}: 1/15 runes: abyssal
a: Rolling Charge, Renounce Religion, Draw Out Power, Power Leap, Apocalypse


You were on level 4 of the Snake Pit.
You worshipped Ru.
Ru was exalted by your worship.
You visited 4 branches of the dungeon, and saw 27 of its levels.
You visited the Abyss 1 time.
You also visited: Ossuary, Bailey, Gauntlet and Ice Cave.

You collected 5394 gold pieces.
You spent 3481 gold pieces at shops.

Inventory:

Hand Weapons
 a - the +11 war axe "Tythrotuu" {spect, rCorr Str+4 Int+3 Dex-4}
   (You found it on level 5 of the Dungeon)

   When its wielder attacks, the weapon's spirit leaps out and strikes again.
   The spirit shares a part of any damage it takes with its wielder.
   Str:       It affects your strength (+4).
   Int:       It affects your intelligence (+3).
   Dex:       It affects your dexterity (-4).
   rCorr:     It protects you from acid and corrosion.
 b - a +9 vampiric broad axe (weapon)
   (You acquired it on level 14 of the Dungeon)
Missiles
 e - 12 boomerangs
 h - 204 bolts
 j - 156 arrows
 p - 11 poisoned darts
 r - 63 sling bullets
 s - 79 stones
 t - 15 curare-tipped darts
 A - a throwing net {!d}
 Q - 7 javelins
Armour
 i - the +2 pair of gloves of Courage (worn) {rElec Int-2 Dex+7 Stlth+}
   (You bought it in a shop on level 1 of the Orcish Mines)

   Int:       It affects your intelligence (-2).
   Dex:       It affects your dexterity (+7).
   rElec:     It insulates you from electricity.
   Stlth:     It makes you more stealthy.
 k - a +2 cloak (worn)
   (You found it on level 2 of the Dungeon)
 l - the +7 chain mail of Qualazom (worn) {-Cast rPois Regen+ Stlth+}
   (You took it off an orc warrior on level 6 of the Dungeon)

   rPois:     It protects you from poison.
   -Cast:     It prevents spellcasting.
   Regen:     It increases your rate of health regeneration.
   Stlth:     It makes you more stealthy.
 q - a +1 helmet of see invisible (worn)
   (You found it on level 6 of the Dungeon)
 x - the +1 kite shield "Nisefakk" (worn) {Regen+}
   (You bought it in a shop on level 3 of the Dungeon)

   Regen:     It increases your rate of health regeneration.
 z - a +0 helmet of intelligence
   (You bought it in a shop on level 2 of the Snake Pit)
 F - a +0 barding (worn)
   (You found it on level 6 of the Lair of Beasts)
 T - a +0 barding of stealth
   (You took it off Vashnia on level 4 of the Snake Pit)
 Z - a +1 helmet
   (You found it on level 4 of the Snake Pit)
Jewellery
 d - the ring "Cock" {Fire rElec rCorr}
   (You acquired it on level 7 of the Dungeon)

   [ring of fire]

   It enhances your fire magic.
   rF:        It protects you from fire.
   rC:        It makes you vulnerable to cold.
   rElec:     It insulates you from electricity.
   rCorr:     It protects you from acid and corrosion.
 f - an amulet of regeneration (around neck)
   (You bought it in a shop on level 8 of the Dungeon)
 g - the ring of Weweawyng (right hand) {rElec rN+ AC+4 Str+3 Stlth-}
   (You bought it in a shop on level 2 of the Orcish Mines)

   [ring of protection]

   AC:        It affects your AC (+4).
   Str:       It affects your strength (+3).
   rElec:     It insulates you from electricity.
   rN:        It protects you from negative energy.
   Stlth:     It makes you less stealthy.
 u - a ring of flight {+Fly, !d}
   (You found it in a Gauntlet)
 C - a ring of protection from cold (left hand) {rC+, !d}
   (You found it on level 7 of the Dungeon)
Scrolls
 m - 2 scrolls of enchant weapon
 n - 4 scrolls of torment {!r}
 o - a scroll of enchant armour
 w - 4 scrolls of fog
 y - 14 scrolls of identify {@r1}
 D - 6 scrolls of blinking {!r}
 E - 4 scrolls of fear
 K - 3 scrolls of immolation {!r}
 O - a scroll of silence
 S - 3 scrolls of summoning
 V - 4 scrolls of vulnerability {!r!r}
 W - 4 scrolls of holy word {!r}
 X - 6 scrolls of magic mapping {@r4!r}
 Y - 17 scrolls of teleportation {@r3}
Potions
 c - 5 potions of magic
 v - 3 potions of cancellation
 B - 2 potions of brilliance
 G - 10 potions of ambrosia {!q}
 H - 11 potions of haste
 I - 5 potions of invisibility
 J - 9 potions of curing {@q1}
 L - a potion of flight
 M - 12 potions of might
 N - 16 potions of heal wounds {@q2}
 P - 2 potions of lignification {!q}
 R - a potion of resistance
 U - 7 potions of mutation {!q}


   Skills:
 + Level 14.5 Fighting
 + Level 15.7 Axes
 + Level 9.6 Armour
 + Level 8.7 Dodging
 - Level 9.1 Stealth
 - Level 9.0 Shields
 - Level 2.8 Unarmed Combat
 - Level 1.7 Spellcasting
 - Level 1.7 Transmutations


You had 17 spell levels left.
You knew the following spells:

 Your Spells              Type           Power      Damage    Failure   Level
a - Beastly Appendage     Tmut           12%        N/A       69%         1

Your spell library contained the following spells:

 Spells                   Type           Power      Damage    Failure   Level
 Wereblood                Tmut           6%         N/A       83%         2
 Sandblast                Erth           2%         2d4       90%         1
 Summon Small Mammal      Summ           4%         N/A       90%         1
 Passwall                 Tmut/Erth      2%         N/A       91%         2
 Corpse Rot               Necr/Air       N/A        N/A       97%         2
 Sublimation of Blood     Necr           0%         N/A       97%         2
 Call Canine Familiar     Summ           1%         N/A       99%         3
 Gell's Gravitas          Tloc           0%         N/A       99%         3
 Lesser Beckoning         Tloc           0%         N/A       99%         3
 Portal Projectile        Hex/Tloc       2%         N/A       99%         3
 Spider Form              Tmut/Pois      1%         N/A       99%         3
 Summon Guardian Golem    Hex/Summ       1%         N/A       99%         3
 Teleport Other           Tloc           1%         N/A       99%         3
 Tukima's Dance           Hex            1%         N/A       99%         3
 Dispel Undead            Necr           1%         3d6       100%        4
 Hailstorm                Conj/Ice       1%         3d3       100%        4
 Ice Form                 Ice/Tmut       3%         N/A       100%        4
 Leda's Liquefaction      Hex/Erth       0%         N/A       100%        4
 Passage of Golubria      Tloc           N/A        N/A       100%        4
 Petrify                  Tmut/Erth      3%         N/A       100%        4
 Summon Ice Beast         Ice/Summ       1%         N/A       100%        4
 Irradiate                Conj/Tmut      1%         3d13      100%        5
 Lee's Rapid Deconstruct  Erth           0%         3d5*      100%        5
 Silence                  Hex/Air        0%         N/A       100%        5
 Summon Mana Viper        Hex/Summ       1%         N/A       100%        5
 Yara's Violent Unravell  Hex/Tmut       1%         3d3       100%        5
 Death Channel            Necr           0%         N/A       100%        6
 Dispersal                Tloc           0%         N/A       100%        6
 Simulacrum               Ice/Necr       0%         N/A       100%        6
 Monstrous Menagerie      Summ           0%         N/A       100%        7
 Disjunction              Tloc           0%         N/A       100%        8
 Lehudib's Crystal Spear  Conj/Erth      0%         10d2      100%        8


Dungeon Overview and Level Annotations

Branches:
Dungeon (15/15)            Temple (0/1) D:7            Lair (6/6) D:11
 Shoals (0/4) Lair:2        Snake (4/4) Lair:3        Slime (0/5) Lair:5
    Orc (2/2) D:9             Elf (0/3) Orc:2        Vaults (0/5) D:13
 Depths (0/5) D:15        Ossuary (visited)          Bailey (visited)
  IceCv (visited)         Gauntlet (visited)

Altars:
Cheibriados
Dithmenos
Fedhas
Gozag
Ru
Xom
Yredelemnul
Beogh

Shops:
D:3 *   D:8 =   D:10 *   D:12 (   Orc:1 *   Orc:2 !!=   Snake:2 [
Snake:3 ((*!:

Portals:
Trove: D:15 (give +4 ice dragon scales)


Innate Abilities, Weirdness & Mutations

You are completely covered in rugged brown scales. (AC +3, +7% HP)
You have supernaturally acute eyesight. (SInv)
Armour fits poorly on your strangely shaped body.
You are dopey. (Int -2)
You cannot study or use magical devices.
You are somewhat unskilled. (-1 Apt)
You are somewhat inexperienced. (-2 XL)
You are missing an eye, making it more difficult to aim.
You can roll at nearby foes to attack.
You have a long armoured tail.
You curl defensively after being hit.


Message History

You resist. The naga warrior constricts you.
The naga ritualist hits you from afar with a +0 halberd!
* * * LOW HITPOINT WARNING * * *
You redirect the naga mage's attack!
You take 7 damage, and have 41/143 hp.
Unknown command.
Something interferes with your magic!
Okay, then.
You cannot evoke magical items.
Unknown command.
Okay, then.
You escape the naga warrior's grasp.
You feel very sick.
The naga warrior no longer looks unusually strong.
* * * LOW HITPOINT WARNING * * *
You are more poisoned.
The nagaraja no longer looks unusually strong.
The nagaraja hits you with a +0 club.
* * * LOW HITPOINT WARNING * * *
You block the nagaraja's attack.
You redirect the naga sharpshooter's attack!
The salamander tyrant completely misses you.
The naga mage casts a spell at the naga warrior.
The naga warrior seems to grow toxic.
You redirect the naga mage's attack!
The naga ritualist spits poison at you. The splash of poison hits you.
You are more poisoned.
You resist.
* * * LOW HITPOINT WARNING * * *
Items here: )) [ ††.
You take 4 damage, and have 37/143 hp.
Unknown command.
Unknown command.
You slash the naga ritualist!
You kill the naga ritualist!
You slash the salamander tyrant!
You feel better.
You hit the nagaraja.
You feel better.
You slash the naga warrior!
You feel better.
You closely miss the naga warrior. You closely miss the naga sharpshooter.
You feel very sick.
The nagaraja hits you but does no damage.
The nagaraja grabs you. The nagaraja constricts you.
The naga warrior spits poison at you. You block the splash of poison.
The salamander tyrant gazes fiercely through you!
You feel as though you will be weak longer.
The salamander tyrant hits you but does no damage.
The salamander tyrant gazes fiercely through you!
You feel as though you will be weak longer.
You regained 12 hp, and now have 49/143 hp.
Unknown command.
Unknown command.
You escape the nagaraja's grasp.
You feel very sick.
The naga mage no longer looks unusually strong.
The naga mage casts a spell at you. The bolt of poison misses you.
The naga sharpshooter unwields a +0 shortbow.
The naga sharpshooter wields a +0 short sword.
You block the naga sharpshooter's attack. x2
You redirect the naga warrior's attack!
The naga mage gestures at you while chanting.
The bolt of poison hits you but does no damage.
You are more poisoned.
You resist.
The salamander tyrant gazes fiercely through you!
You feel as though you will be weak longer.
The naga sharpshooter shoots an arrow.
The arrow hits you but does no damage.
The naga warrior begins to attack, but is stunned by your conviction!
You take 1 damage, and have 48/143 hp.
Unknown command.
Unknown command.
You miss the nagaraja.
Your tail-slap misses the nagaraja.
You barely miss the naga sharpshooter. You hit the naga warrior.
You feel very sick.
The naga mage begins to cast a spell, but is stunned by your conviction!
The naga warrior roars a battlecry!
The nagas go into a battle-frenzy!
The nagaraja hits you with a +0 club!
* * * LOW HITPOINT WARNING * * *
The nagaraja grabs you. The nagaraja constricts you.
The naga mage hits you from afar with a +0 halberd!
* * * LOW HITPOINT WARNING * * *
The naga sharpshooter shoots an arrow.
The arrow hits you but does no damage.
You take 29 damage, and have 19/143 hp.
MASSIVE DAMAGE!!
The nagaraja's grasp on you weakens, but your attempt to escape fails.
You feel very sick.
The naga sharpshooter no longer looks unusually strong.
The naga mage spits poison at you.
The splash of poison hits you but does no damage.
You have difficulty breathing.
* * * LOW HITPOINT WARNING * * *
You feel as though you will be slow longer.
The nagaraja loses its grip on you.
The salamander tyrant begins to cast a spell, but is stunned by your conviction!
The naga warrior hits you with a +0 flail!
You die...

...# #..#N............#
..# ...#
.....=...........# ...
.### N..#..#.....#....#
.... .# .N
#.............#.......
####
N..##........#..##.......
...#
...###...⌠....##..#.....
...#
....#....N....#.........
...#
..#....N.N.#....#.......
...#
....).N@.#N)............
...#
.....#.N)NNNN.)....N..#
...#
.......NNNN....).)...#.
.###
..........N))†).........
...#
..........†.)†.......##.
...#
#.........)))...))...#
..##
#....................#
...#
##.................###
...# #...............##.#


You could see 4 naga warriors, 2 nagarajas, 2 naga sharpshooters, 2 salamander
tyrants, a salamander (strong), 2 naga magi and a naga (strong, curare).

Vanquished Creatures
  Bai Suzhen (Snake:3)
  Vashnia (Snake:4)
  Jorgrun (D:14)
  Donald (Snake:3)
  5 nagarajas
  An orc warlord (Orc:2)
  A frost giant (IceCv)
  Aizul (Snake:2)
  The ghost of krigyl the Arsonist, a journeyman OgFE of Ashenzari (Lair:1)
  A dire elephant (Gauntlet)
  A minotaur (Gauntlet)
  A blizzard demon (Abyss:3)
  2 fire dragons
  2 salamander tyrants (Snake:4)
  5 hydras
  A yaktaur captain (D:13)
  8 anacondas
  4 boulder beetles
  2 ogre magi (Orc:2)
  10 naga warriors
  5 centaur warriors
  A death knight (D:15)
  9 two-headed ogres
  A dancing weapon (Lair:1)
  4 death yaks
  2 tengu warriors
  10 shock serpents
  Urug (Lair:5)
  14 naga sharpshooters
  7 salamander mystics
  6 skeletal warriors
  A flayed ghost (D:15)
  2 deep trolls (Orc:2)
  A wizard (D:14)
  5 naga ritualists
  A swamp dragon (Lair:6)
  A necromancer (D:15)
  2 deep elf pyromancers
  A deep elf zephyrmancer (D:14)
  A wolf spider (D:15)
  5 orc knights
  4 oklob plants (Lair:6)
  11 ugly things
  A fire giant zombie (D:15)
  13 mana vipers
  An elephant (Gauntlet)
  12 salamanders
  A stone giant zombie (D:15)
  A manticore (D:15)
  5 cyclopes
  An iron dragon skeleton (D:15)
  The ghost of EnronHubbard the Cleaver, a novice HOWn of Makhleb (D:6)
  3 torpor snails
  37 black mambas
  A merfolk siren (Lair:2)
  2 ice statues
  3 smoke demons
  25 naga magi
  4 guardian serpents
  19 cane toads
  Maggie (Lair:1)
  5 rime drakes
  11 komodo dragons
  A freezing wraith (D:15)
  2 yaktaurs (D:13)
  3 ice devils
  3 efreet
  3 tengu conjurers
  5 red devils
  A queen bee (Lair:3)
  11 trolls
  22 polar bears
  15 blink frogs
  8 raiju
  9 slime creatures (D:14)
  5 dream sheep (Lair:6)
  A centaur simulacrum (D:14)
  A fire dragon skeleton (D:15)
  A shadow (D:11)
  A ynoxinul (Abyss:3)
  8 wraiths
  3 wyverns
  54 yaks
  8 basilisks
  3 vampire mosquitoes (D:11)
  2 steam dragons (Lair:6)
  55 nagas
  3 acid dragons
  11 wargs
  16 water moccasins
  13 hell hounds (Lair:6)
  2 swamp drakes (Lair:6)
  12 black bears
  6 ice beasts
  37 orc warriors
  3 sky beasts
  22 ogres
  30 wolves
  2 phantoms (D:6)
  A small abomination (Abyss:3)
  15 centaurs
  2 kobold brigands
  11 bullfrogs
  A gnoll sergeant (D:9)
  5 scorpions
  A water moccasin zombie (D:6)
  27 killer bees
  An electric eel (Lair:4)
  7 howler monkeys
  7 wights
  4 crimson imps (Gauntlet)
  A bullfrog zombie (D:6)
  3 hounds
  3 centaur zombies
  19 orc priests
  13 jellies
  A gnoll shaman (D:5)
  A bullfrog skeleton (D:6)
  4 iguanas (Lair:6)
  5 lightning spires (Abyss:3)
  34 orc wizards
  A killer bee zombie (D:7)
  8 gnolls
  8 adders
  A shadow imp (D:7)
  3 white imps
  An ufetubus (D:6)
  An adder zombie (Ossuary)
  An adder skeleton (D:4)
  A worm (D:11)
  4 dart slugs
  99 orcs
  5 ball pythons
  5 bats
  6 endoplasms
  4 giant cockroaches
  8 goblins
  6 hobgoblins
  10 jackals
  18 kobolds
  2 quokkas
  3 training dummies (Snake:3)
  A ball python skeleton (Ossuary)
  5 frilled lizards
  4 hobgoblin skeletons (Ossuary)
  A hobgoblin zombie (Ossuary)
  An orc skeleton (Ossuary)
  3 rats
  A plant (Lair:5)
1051 creatures vanquished.

Vanquished Creatures (others)
  2 naga warriors
  4 hydras
  A salamander tyrant (Snake:4)
  A two-headed ogre (Orc:2)
  A tengu warrior (D:15)
  A naga sharpshooter (Snake:2)
  A death yak (Lair:4)
  A cyclops (D:14)
  A basilisk (Lair:1)
  A naga (Snake:4)
  An orc (D:12)
  11 fungi
  58 plants
  7 withered plants (D:15)
91 creatures vanquished.

Grand Total: 1142 creatures vanquished

Notes
Turn   | Place    | Note
-------+----------+-------------------------------------------
     0 | D:1      | HilariousDeathArtist the Palentonga Transmuter began the
                  | quest for the Orb.
     0 | D:1      | Reached XP level 1. HP: 16/16 MP: 3/3
   463 | D:1      | Reached XP level 2. HP: 13/23 MP: 5/5
   464 | D:1      | Reached skill level 2 in Fighting
  1077 | D:2      | Reached XP level 3. HP: 24/29 MP: 4/6
  1270 | D:2      | Reached skill level 3 in Fighting
  2100 | D:3      | Noticed a centaur
  2119 | D:3      | Killed a centaur
  2120 | D:3      | Reached skill level 4 in Fighting
  2120 | D:3      | Reached XP level 4. HP: 32/40 MP: 5/7
  2120 | D:3      | Reached XP level 5. HP: 37/46 MP: 5/8
  2199 | D:3      | Reached skill level 5 in Fighting
  2339 | D:3      | Found Rotheil's General Store.
  2532 | D:3      | Found a faded altar of an unknown god.
  2545 | D:3      | Became a worshipper of Ru the Awakened
  2564 | D:3      | Gained mutation: You are missing an eye, making it more
                  | difficult to aim. [Ru sacrifice]
  2564 | D:3      | Reached * piety under Ru
  3348 | D:3      | Bought the +1 kite shield "Nisefakk" {Regen+} for 231 gold
                  | pieces
  3572 | D:4      | Reached skill level 6 in Fighting
  3572 | D:4      | Reached XP level 6. HP: 46/55 MP: 9/9
  3579 | D:4      | Reached skill level 1 in Shields
  4017 | D:5      | Entered Level 5 of the Dungeon
  4084 | D:4      | Reached skill level 2 in Shields
  4118 | D:5      | Gained mutation: You curl defensively after being hit.
                  | [Palentonga growth]
  4118 | D:5      | Reached XP level 7. HP: 35/63 MP: 10/10
  4282 | D:5      | Identified the +11 war axe "Tythrotuu" {spect, rCorr Str+4
                  | Int+3 Dex-4}
  4551 | D:5      | Reached skill level 1 in Axes
  4661 | D:6      | Reached skill level 7 in Fighting
  4661 | D:6      | Reached skill level 2 in Axes
  4670 | D:6      | Reached skill level 3 in Shields
  4715 | D:6      | Found a sand-covered staircase.
  4717 | D:6      | Identified the +0 ring mail of Patterns {rPois rCorr Dex-4}
  4723 | Ossuary  | Entered an ossuary
  4773 | Ossuary  | Reached skill level 3 in Axes
  4809 | Ossuary  | Gained mutation: You are somewhat unskilled. (-1 Apt) [Ru
                  | sacrifice]
  4809 | Ossuary  | Reduced skill Fighting to level 6
  4809 | Ossuary  | Reduced skill Axes to level 2
  4809 | Ossuary  | Reduced skill Shields to level 2
  4809 | Ossuary  | Reduced skill Unarmed Combat to level 2
  4809 | Ossuary  | Reduced skill Spellcasting to level 1
  4809 | Ossuary  | Reduced skill Transmutations to level 1
  4809 | Ossuary  | Reached ** piety under Ru
  4822 | Ossuary  | Noticed a wraith
  4822 | Ossuary  | Noticed a flying skull
  4833 | Ossuary  | Noticed a flying skull
  4877 | Ossuary  | Noticed a wraith
  4880 | Ossuary  | Killed a wraith
  4881 | Ossuary  | Reached skill level 3 in Axes
  4881 | Ossuary  | Reached skill level 3 in Shields
  4881 | Ossuary  | Reached XP level 8. HP: 69/69 MP: 10/10
  4906 | Ossuary  | Noticed a flying skull
  4920 | Ossuary  | Reached skill level 4 in Axes
  5019 | D:6      | Reached skill level 7 in Fighting
  5122 | D:6      | Reached skill level 5 in Axes
  5214 | D:6      | Reached skill level 4 in Shields
  5246 | D:6      | Found a basalt altar of Yredelemnul.
  5247 | D:6      | Reached XP level 9. HP: 77/77 MP: 11/11
  5408 | D:6      | Found a runed translucent gate.
  5409 | D:6      | Found a runed translucent gate.
  5410 | D:6      | Found a runed translucent gate.
  5412 | D:6      | Noticed EnronHubbard's ghost (novice HOWn)
  5420 | D:6      | Identified the +7 chain mail of Qualazom {-Cast rPois
                  | Regen+ Stlth+}
  5514 | D:6      | HP: 16/77 [centaur/arrow (13)]
  5871 | D:7      | Reached skill level 6 in Axes
  5902 | D:7      | Identified a scroll of acquirement
  5903 | D:7      | HilariousDeathArtist: #
  5903 | D:7      | Acquired the ring "Cock" {Fire rElec rCorr}
  5914 | D:7      | Found a staircase to the Ecumenical Temple.
  6385 | D:8      | Reached skill level 8 in Fighting
  6391 | D:8      | Reached skill level 7 in Axes
  6619 | D:8      | Found Agoalot's Jewellery Shop.
  6756 | D:8      | Reached skill level 5 in Shields
  7191 | D:9      | Found a blossoming altar of Fedhas.
  7222 | D:9      | Gained mutation: You are somewhat inexperienced. (-2 XL)
                  | [Ru sacrifice]
  7222 | D:9      | Reached XP level 8. HP: 73/73 MP: 10/10
  7222 | D:9      | Reached XP level 7. HP: 67/67 MP: 9/9
  7222 | D:9      | Reached *** piety under Ru
  7222 | D:9      | Reached **** piety under Ru
  7335 | D:9      | Noticed a troll
  7337 | D:9      | Killed a troll
  7338 | D:9      | Reached XP level 8. HP: 68/73 MP: 10/10
  7339 | D:9      | Reached skill level 8 in Axes
  7877 | D:9      | Found an opulent altar of Gozag.
  7879 | D:9      | Found a snail-covered altar of Cheibriados.
  7962 | D:9      | Found a staircase to the Orcish Mines.
  8200 | D:10     | Entered Level 10 of the Dungeon
  8312 | D:10     | Reached skill level 9 in Fighting
  8312 | D:10     | Reached skill level 9 in Axes
  8400 | D:10     | Found Vaprata's Assorted Antiques.
  8408 | D:10     | Bought 3 scrolls labelled IGEQUPS TOROFE for 99 gold pieces
  8505 | D:10     | Noticed a two-headed ogre
  8508 | D:10     | Killed a two-headed ogre
  8509 | D:10     | Reached skill level 6 in Shields
  8770 | D:11     | Found a staircase to the Lair.
  8782 | D:11     | Reached XP level 9. HP: 45/82 MP: 11/11
  8784 | D:11     | Identified the +5 hand axe "Ypuetot" {vorpal, rN+ rCorr}
  8917 | D:11     | Found a snail-covered altar of Cheibriados.
  9015 | D:11     | Noticed an eight-headed hydra
  9088 | D:9      | Killed a 15-headed hydra
  9167 | D:11     | Gained mutation: You are dopey. (Int -2) [Ru sacrifice]
  9180 | D:11     | Reached skill level 10 in Axes
  9353 | D:11     | Reached skill level 1 in Evocations
  9463 | D:12     | Noticed a cyan ugly thing
  9469 | D:12     | Noticed a fire dragon
  9471 | D:12     | Killed a cyan ugly thing
  9476 | D:12     | Killed a fire dragon
  9545 | D:12     | Identified the +1 ring mail "Waggeam" {Harm Will+ rCorr}
  9550 | D:12     | Noticed a cyan ugly thing
  9554 | D:12     | Noticed a two-headed ogre
  9557 | D:12     | Killed a cyan ugly thing
  9558 | D:12     | Reached skill level 2 in Evocations
  9558 | D:12     | Noticed a white ugly thing
  9558 | D:12     | Killed a two-headed ogre
  9560 | D:12     | Killed a white ugly thing
  9676 | D:12     | Noticed a deep elf pyromancer
  9681 | D:12     | Killed a deep elf pyromancer
  9682 | D:12     | Reached skill level 10 in Fighting
  9736 | D:12     | Found Osojieg's Antique Weapon Shop.
  9755 | D:12     | Found a frozen archway.
  9767 | D:12     | Reached skill level 11 in Axes
  9792 | IceCv    | Entered an ice cave
  9803 | IceCv    | Reached skill level 7 in Shields
  9808 | IceCv    | Reached skill level 3 in Evocations
  9813 | IceCv    | Noticed a white ugly thing
  9819 | IceCv    | Killed a white ugly thing
  9898 | IceCv    | Reached XP level 10. HP: 88/90 MP: 12/12
  9974 | IceCv    | Noticed a death yak
  9985 | IceCv    | Killed a death yak
  9986 | IceCv    | Reached skill level 4 in Evocations
 10140 | IceCv    | Noticed a frost giant
 10140 | IceCv    | Noticed a death yak
 10156 | IceCv    | Killed a death yak
 10160 | IceCv    | Reached skill level 12 in Axes
 10177 | IceCv    | Killed a frost giant
 10232 | IceCv    | Identified the +7 plate armour of Indomitability {rC+ rCorr
                  | Dex-4}
 10239 | IceCv    | Identified the ring of Rimel {Int+9 Slay-4 SInv}
 10549 | D:13     | Noticed a yaktaur captain
 10553 | D:13     | Found a gate to the Vaults.
 10555 | D:13     | Killed a yaktaur captain
 10619 | D:13     | Reached skill level 5 in Evocations
 11074 | D:13     | Noticed a centaur warrior
 11077 | D:13     | Killed a centaur warrior
 11078 | D:13     | Reached skill level 8 in Shields
 11174 | D:13     | Gained mutation: You cannot study or use magical devices.
                  | [Ru sacrifice]
 11174 | D:13     | Reduced skill Evocations to level 0
 11174 | D:13     | Reached ***** piety under Ru
 11174 | D:13     | Reached ****** piety under Ru
 11277 | D:14     | Noticed a boulder beetle
 11283 | D:14     | Killed a boulder beetle
 11284 | D:14     | Reached skill level 11 in Fighting
 11317 | D:14     | Found a flagged portal.
 11331 | Bailey   | Entered a bailey
 11486 | Bailey   | Reached XP level 11. HP: 91/99 MP: 13/13
 11653 | D:14     | Acquired a +0 vampiric broad axe
 11677 | D:14     | Cast into level 2 of the Abyss (a wizard)
 11685 | Abyss:2  | Noticed a starcursed mass
 11729 | Abyss:3  | Noticed a blizzard demon
 11733 | Abyss:3  | Reached skill level 1 in Stealth
 11733 | Abyss:3  | Killed a blizzard demon
 11734 | Abyss:3  | Reached skill level 2 in Stealth
 11736 | Abyss:3  | Noticed a merfolk impaler
 11736 | Abyss:3  | Noticed a blizzard demon
 11742 | Abyss:3  | Got an abyssal rune of Zot
 11759 | Abyss:3  | Noticed a white draconian
 11820 | D:14     | Escaped the Abyss
 11824 | D:14     | Reached skill level 3 in Stealth
 11877 | D:14     | Noticed Jorgrun
 11921 | D:14     | Reached skill level 4 in Stealth
 11922 | D:14     | Killed Jorgrun
 11983 | D:14     | Found a shadowy altar of Dithmenos.
 12035 | D:14     | HP: 20/99 [large slime creature (24)]
 12129 | D:14     | Reached skill level 5 in Stealth
 12664 | D:14     | Reached skill level 6 in Stealth
 12881 | D:15     | Entered Level 15 of the Dungeon
 12882 | D:15     | Found a staircase to the Depths.
 12902 | D:15     | Reached skill level 7 in Stealth
 13015 | D:15     | Reached XP level 12. HP: 97/107 MP: 14/14
 13260 | D:15     | Reached skill level 8 in Stealth
 13518 | D:15     | Found a portal to a secret trove of treasure.
 14514 | D:6      | Acquired 988 gold pieces
 14533 | D:6      | Killed EnronHubbard's ghost
 14698 | Lair:1   | Entered Level 1 of the Lair of Beasts
 14717 | Lair:1   | Reached skill level 9 in Stealth
 14849 | Lair:1   | Found a runed translucent door.
 14879 | Lair:1   | Found a shimmering altar of Xom.
 14879 | Lair:1   | Noticed krigyl's ghost (journeyman OgFE)
 14981 | Lair:1   | Noticed Maggie
 14986 | Lair:1   | Killed Maggie
 15415 | Lair:2   | Reached skill level 1 in Armour
 15444 | Lair:2   | Reached skill level 2 in Dodging
 15597 | Lair:2   | Found a staircase to the Shoals.
 15605 | Lair:2   | Reached skill level 13 in Axes
 16045 | Lair:3   | Found a staircase to the Snake Pit.
 16581 | Lair:3   | Reached skill level 2 in Armour
 16921 | Lair:4   | Identified the +3 leather armour of Okawaru's Whim {rC+
                  | Will- Str+8}
 16987 | Lair:4   | Reached skill level 3 in Dodging
 17730 | Lair:5   | Found a gate leading to a gauntlet.
 17824 | Gauntlet | Entered a Gauntlet
 17824 | Gauntlet | Found a transporter.
 17824 | Gauntlet | Found a transporter.
 17824 | Gauntlet | Found a transporter.
 17825 | Gauntlet | Found a transporter.
 17827 | Gauntlet | Found a transporter.
 17829 | Gauntlet | Found a transporter.
 17833 | Gauntlet | Found a runed translucent door.
 17835 | Gauntlet | Found a runed translucent door.
 17835 | Gauntlet | Found a transporter.
 17837 | Gauntlet | Found a transporter.
 17838 | Gauntlet | Found a transporter.
 17840 | Gauntlet | Found a transporter.
 17852 | Gauntlet | Found a transporter.
 17856 | Gauntlet | Found a transporter.
 18019 | Gauntlet | Reached XP level 13. HP: 110/113 MP: 15/15
 18175 | Gauntlet | Identified the ring "Jueqadgh" {Drain rElec rCorr Dex+6
                  | Stlth-}
 18220 | Gauntlet | Reached skill level 3 in Armour
 18222 | Gauntlet | Identified the +0 pair of gloves "Ahauhyot" {rPois SInv}
 18373 | Lair:5   | Reached skill level 9 in Shields
 18462 | Lair:5   | Found a staircase to the Slime Pits.
 18466 | Lair:5   | Noticed Urug
 18474 | Lair:5   | Killed Urug
 18904 | Lair:5   | Reached skill level 4 in Dodging
 19213 | Lair:6   | Entered Level 6 of the Lair of Beasts
 19229 | Lair:6   | Reached skill level 12 in Fighting
 19404 | Lair:6   | Reached skill level 4 in Armour
 19963 | Lair:6   | Reached skill level 5 in Dodging
 20658 | Lair:6   | Reached skill level 14 in Axes
 20900 | Lair:1   | Killed krigyl's ghost
 20901 | Lair:1   | Reached skill level 5 in Armour
 20998 | Orc:1    | Entered Level 1 of the Orcish Mines
 21071 | Orc:1    | Found Juhal's Assorted Antiques.
 21087 | Orc:1    | Bought a pair of steaming gloves for 285 gold pieces
 21087 | Orc:1    | Identified the +2 pair of gloves of Courage {rElec Int-2
                  | Dex+7 Stlth+} (You bought it in a shop on level 1 of the
                  | Orcish Mines)
 21293 | Orc:2    | Entered Level 2 of the Orcish Mines
 21303 | Orc:2    | Noticed an orc warlord
 21331 | Orc:2    | Found a staircase to the Elven Halls.
 21352 | Orc:2    | Found Jiall's Distillery.
 21352 | Orc:2    | Found Reolij's Weapon Shop.
 21357 | Orc:2    | Reached XP level 14. HP: 105/124 MP: 7/16
 21400 | Orc:2    | Reached skill level 6 in Dodging
 21468 | Orc:2    | Found Monetuwk's Jewellery Shoppe.
 21468 | Orc:2    | Found Waoqaets's Distillery.
 22341 | Orc:2    | Bought a potion of haste for 180 gold pieces
 22341 | Orc:2    | Bought a potion of magic for 144 gold pieces
 22341 | Orc:2    | Bought a potion of haste for 180 gold pieces
 22341 | Orc:2    | Bought a potion of invisibility for 144 gold pieces
 22341 | Orc:2    | Bought a potion of haste for 180 gold pieces
 22341 | Orc:2    | Bought a potion of heal wounds for 90 gold pieces
 22341 | Orc:2    | Bought a potion of heal wounds for 90 gold pieces
 22341 | Orc:2    | Bought a potion of might for 72 gold pieces
 22341 | Orc:2    | Bought a potion of heal wounds for 90 gold pieces
 22341 | Orc:2    | Bought a potion of might for 72 gold pieces
 22352 | Orc:2    | Bought a potion of haste for 140 gold pieces
 22352 | Orc:2    | Bought a potion of curing for 42 gold pieces
 22352 | Orc:2    | Bought a potion of invisibility for 112 gold pieces
 22352 | Orc:2    | Bought a potion of haste for 140 gold pieces
 22481 | D:8      | Bought an amulet of regeneration for 330 gold pieces
 22631 | Orc:2    | Bought the ring of Weweawyng {rElec rN+ AC+4 Str+3 Stlth-}
                  | for 650 gold pieces
 22843 | Snake:1  | Entered Level 1 of the Snake Pit
 22867 | Snake:1  | Reached skill level 13 in Fighting
 22924 | Snake:1  | Reached skill level 6 in Armour
 23931 | Snake:2  | Noticed Aizul
 23942 | Snake:2  | Killed Aizul
 24007 | Snake:2  | Reached skill level 7 in Dodging
 24141 | Snake:2  | Found Walent's Antique Armour Shoppe.
 24149 | Snake:2  | Bought a runed helmet for 210 gold pieces
 24308 | Snake:2  | You fall into a shaft and drop 1 floor!
 24383 | Snake:3  | Found Jycoitan's Firing Range.
 24452 | Snake:3  | Reached skill level 7 in Armour
 24544 | Snake:3  | Reached XP level 15. HP: 119/132 MP: 7/17
 24899 | Snake:3  | Reached skill level 15 in Axes
 24932 | Snake:3  | Found Lautt's Assorted Antiques.
 24934 | Snake:3  | Found Zaywaomm's Antique Weapon Shop.
 24934 | Snake:3  | Found Jecon's Book Shop.
 24934 | Snake:3  | Found Hixtuj's Distillery.
 24958 | Snake:3  | Noticed Donald
 24963 | Snake:3  | Noticed Bai Suzhen
 24964 | Snake:3  | Killed Donald
 24982 | Snake:3  | Killed Bai Suzhen
 25309 | Snake:4  | Entered Level 4 of the Snake Pit
 25331 | Snake:4  | Noticed Vashnia
 25389 | Snake:4  | Killed Vashnia
 25530 | Snake:4  | Reached skill level 8 in Armour
 25532 | Snake:4  | Reached skill level 14 in Fighting
 25574 | Snake:4  | Reached skill level 8 in Dodging
 25759 | Snake:4  | Reached skill level 9 in Armour
 26158 | Snake:4  | Acquired 1029 gold pieces
 26203 | Snake:4  | Found the ring of the Octopus King {rC+ AC+1 EV+1 Str+1
                  | Int+1 Dex+1}
 26205 | Snake:4  | Identified the +8 morningstar of Honesty {pain, Fly rElec
                  | Str+2 Dex-5}
 26220 | Snake:4  | Reached XP level 16. HP: 136/143 MP: 10/18
 26234 | Snake:4  | HP: 34/143 [nagaraja (10)]
 26235 | Snake:4  | HP: 12/143 [asphyx]
 26235 | Snake:4  | Slain by a naga warrior

Illustrated notes

Levels and vault maps discovered:
D:1:      dpeg_arrival_rooms_a, layout_loops_ring
D:2:      minmay_chambers_of_ones, layout_loops_cross
D:3:      layout_rooms, chequers_ecumenical_altar_simple, serial_shops, shop,
          serial_glass, glass_columns_a, glass_columns_a, due_unseen_surprise,
          item_on_display_a, minmay_strange_pillars, feat_on_display,
          minmay_randomly_rotated_circles
D:4:      layout_basic
D:5:      layout_cave_pools
D:6:      nicolae_whirlpool, layout_rooms, yredelemnul_altar_generic,
          biasface_ghost_orc_armoury, chequers_ossuary_entry_cave,
          dk_noncrumbling_3
D:7:      layout_basic, minmay_temple_entry_ruins
D:8:      layout_basic, serial_shops, kennysheep_mini_moat
D:9:      layout_grid_maze, mainiacjoe_overflow_surrounded_room,
          gammafunk_temple_overflow_statue, orc_0_dummy, kennysheep_crisscross
D:10:     layout_basic, serial_shops, shop, amethyst_killhole
D:11:     layout_basic, erik_lair_orcish_takeover, slow_altar_2
D:12:     layout_rooms, serial_shops, shop, portal_ice_cave_demonic_guard
D:13:     layout_loops_ring, david_vaults_2
D:14:     layout_loops_corners, grunt_dithmenos_smoke_and_mirrors,
          enter_bailey_4, hex_large, kb_rosetta, uniq_jorgrun
D:15:     gammafunk_depths_entry_grave, layout_layer_cave,
          chequers_serial_rivers_room_b, nicolae_trove_entry_isolated,
          einodemon_armed_red_devil_minivault
Lair:1:   layout_misc_corridors, ebering_ghost_xom, st_stairs_5, uniq_maggie
Lair:2:   layout_big_grid, minmay_shoals_entry_lonely_mermaid
Lair:3:   layout_cave_pods, minmay_snake_entry_guardpost_medium, special_room
          [special_room_bee]
Lair:4:   layout_gridlike, serial_bayou_shore_a
Lair:5:   layout_cave_pods, minmay_slime_entry_jelly_boxes,
          gauntlet_entry_generic, lemuel_fruit_tree, uniq_urug
Lair:6:   guppyfry_lair_end_dragon, layout_cellular_growth,
          hangedman_lair_caniforms_friends, ice2_lemuel, lemuel_fruit_fields,
          minmay_lair_oklob_chamber, lemuel_fruit_fields
Snake:1:  layout_rooms, special_room, nicolae_snake_salamander_stairs
Snake:2:  layout_cave_shapes, serial_shops, shop, special_room,
          grunt_megastairs_1, uniq_aizul
Snake:3:  layout_honeycomb, minmay_shop_grid_forest, nicolae_shop_firing_range,
          serial_bayou_shore_b, uniq_donald, uniq_bai_suzhen
Snake:4:  snake_pit, layout_onion_interference, nicolae_snake_scaly_snakehead,
          minmay_shop_grove, grunt_megastairs_4, uniq_vashnia
Orc:1:    layout_caves, serial_shops, shop, hellmonk_bongcloud_opening
Orc:2:    st_orc_open, layout_caves

Skill      XL: |  1  2  3  4  5  6  7  8  9 10 11 12 13 14 15 |
---------------+----------------------------------------------+-----
Fighting       | 2 4 6 6 9 10 11 12 13 14 | 14.5
Shields        | 2 3 6 7 8 9 |  9.0
Axes           | 3 9 11 12 13 14 15 | 15.7
Unarmed Combat | 2 |  2.8
Spellcasting   | 1 |  1.7
Transmutations | 1 |  1.7
Evocations     | 3 0 |  0.0
Stealth        | 7 9 |  9.1
Armour         | 2 5 7 9 |  9.6
Dodging        | 3 5 7 8 |  8.7

Action                   |  1- 3 |  4- 6 |  7- 9 | 10-12 | 13-15 | 16-18 || total
-------------------------+-------+-------+-------+-------+-------+-------++-------
Melee: Unarmed           |    85 |    80 |       |       |       |       ||   165
       Kick              |    12 |    11 |     7 |       |       |       ||    30
       Tailslap          |    11 |    19 |    24 |    48 |   145 |     2 ||   249
       Headbutt          |     8 |     5 |     2 |       |       |       ||    15
       Punch             |     1 |       |       |       |       |       ||     1
       Dagger            |       |   101 |    19 |       |       |       ||   120
       War axe           |       |       |   317 |   546 |   930 |       ||  1793
       Broad axe         |       |       |       |    50 |   107 |    11 ||   168
 Cast: Beastly Appendage |    20 |     6 |     3 |       |       |       ||    29
Invok: Sacrifice an Eye  |       |     1 |       |       |       |       ||     1
       Sacrifice Experie |       |       |     1 |       |       |       ||     1
       Sacrifice Skill   |       |       |     1 |       |       |       ||     1
       Draw Out Power    |       |       |     1 |     1 |       |       ||     2
       Sacrifice Purity  |       |       |     1 |       |       |       ||     1
       Sacrifice Artific |       |       |       |     1 |       |       ||     1
       Apocalypse        |       |       |       |     2 |     6 |       ||     8
 Abil: Rolling Charge    |       |       |    82 |   134 |   239 |       ||   455
Evoke: Phial of floods   |       |       |     1 |     1 |       |       ||     2
  Use: Potion            |     5 |       |     7 |     4 |     1 |     1 ||    18
       Scroll            |       |       |    13 |    20 |     4 |       ||    37
 Stab: Sleeping          |     1 |       |       |     3 |       |       ||     4
       Distracted        |       |       |     4 |     6 |    21 |       ||    31
       Paralysed         |       |       |       |     8 |    30 |     2 ||    40
       Invisible         |       |       |       |     7 |    22 |       ||    29
       Petrified         |       |       |       |       |     3 |       ||     3
Armor: Robe              |    32 |   111 |    51 |       |       |       ||   194
       Troll leather arm |       |       |    54 |   135 |       |       ||   189
       Plate armour      |       |       |       |    22 |       |       ||    22
       Chain mail        |       |       |       |    72 |   400 |    26 ||   498
Dodge: Dodged            |    46 |    90 |    87 |   117 |   124 |     7 ||   471
Block: Kite shield       |       |    43 |   120 |   176 |   440 |    19 ||   798
       Reflection        |       |       |       |       |     4 |       ||     4

Table legend: (Time is in decaauts)
 A = Elapsed time spent in this place.
 B = Non-inter-level travel time spent in this place.
 C = Inter-level travel time spent in this place.
 D = Time resting spent in this place.
 E = Time spent auto-exploring this place.
 F = Levels seen in this place.
 G = Mean time per level.
                   A        B        C        D        E       F      G
               +--------+--------+--------+--------+--------+-----+--------+
         Total |  26275 |  23976 |   2299 |   1398 |  17438 |  33 |  796.2 |
       Dungeon |  13859 |  12440 |   1419 |    867 |   9226 |  15 |  923.9 |
          Lair |   5927 |   5281 |    646 |    123 |   4223 |   6 |  987.8 |
     Snake Pit |   3328 |   3312 |     16 |    239 |   2301 |   4 |  832.0 |
  Orcish Mines |   1461 |   1244 |    217 |      4 |    946 |   2 |  730.5 |
         Abyss |    141 |    141 |      0 |      0 |      0 |   2 |   70.5 |
       Ossuary |    284 |    284 |      0 |     15 |    154 |   1 |  284.0 |
        Bailey |    318 |    318 |      0 |     82 |    111 |   1 |  318.0 |
      Ice Cave |    557 |    557 |      0 |     67 |    280 |   1 |  557.0 |
      Gauntlet |    395 |    395 |      0 |      0 |    196 |   1 |  395.0 |
               +--------+--------+--------+--------+--------+-----+--------+

Top non-repeatable levels by time:
  Lair:6: 1368 daAuts
     D:9: 1274 daAuts
    D:14: 1223 daAuts
  Lair:5: 1222 daAuts
     D:8: 1190 daAuts
    D:15: 1181 daAuts
     D:3: 1081 daAuts
     D:1: 1055 daAuts
     D:6: 1041 daAuts
 Snake:3: 987 daAuts
     D:4: 965 daAuts
     D:2: 956 daAuts
  Lair:4: 933 daAuts
  Lair:3: 895 daAuts
 Snake:4: 891 daAuts

Table legend:
 A = Kills in this place as a percentage of kills in entire the game.
 B = Kills by you in this place as a percentage of kills by you in the entire game.
 C = Kills by friends in this place as a percentage of kills by friends in the entire game.
 D = Other kills in this place as a percentage of other kills in the entire game.
 E = Experience gained in this place as a percentage of experience gained in the entire game.
 F = Experience gained in this place divided by the number of levels of this place that you have seen.
                   A       B       C       D       E      F
               +-------+-------+-------+-------+-------+----------------------
         Total | 100.0 | 100.0 |   N/A | 100.0 | 100.0 | 8888.1
       Dungeon |  31.2 |  31.4 |   N/A |  15.4 |  19.3 | 3779.9
          Lair |  24.6 |  24.5 |   N/A |  38.5 |  22.2 | 10843.2
     Snake Pit |  19.9 |  19.7 |   N/A |  38.5 |  41.5 | 30447.8
  Orcish Mines |  11.9 |  11.9 |   N/A |   7.7 |   8.0 | 11756.0
         Abyss |   1.5 |   1.5 |   N/A |   0.0 |   1.3 | 1912.5
       Ossuary |   1.3 |   1.3 |   N/A |   0.0 |   0.2 | 648.0
        Bailey |   3.8 |   3.8 |   N/A |   0.0 |   1.2 | 3408.0
      Ice Cave |   4.6 |   4.7 |   N/A |   0.0 |   4.4 | 12902.0
      Gauntlet |   1.1 |   1.1 |   N/A |   0.0 |   1.9 | 5464.0
               +-------+-------+-------+-------+-------+----------------------
